AoeStats
← 从不压堡之人

Nomad

508195735Analyzed
4v4 RM · 11d ago on Sep 21, 2026· 30m 27s· 8 players
Game mode
Random Map
Map size
231×231
Population
200
Speed
Normal
Resources
Standard
Victory
Conquest
Starting age
Dark Age
Ending age
Imperial Age
RankedLock teamsTeams togetherTeam positionsShared explorationLock speedFull tech treeHidden civsTurbo modeCheats
Victory
Defeat
🇨🇳 Vikings · China
1283
+11
🇨🇳 Dravidians · China
1118
+18
🇨🇳 Spanish · China
1074
+20
🇨🇳 Wu · China
1005
+23
🇨🇳 Japanese · China
1187
-19
🇦🇷 Mongols · Argentina
1164
-18
🇨🇳 Vikings · China
1158
-18
🇷🇺 Burgundians · Russia
1147
-17
xxxx
4:16 Loom
13:39 Feudal Age
13:03 Double-Bit Axe
14:01 Fishing Lines
14:42 Bow Saw
16:51 Wheelbarrow
20:30 Castle Age
18:50 Forging
18:39 Fishing Lines
20:13 Scale Barding Armor
21:16 Cavalier
21:57 Husbandry
24:25 Horse Collar
28:50 Hand Cart
30:58 Hand Cart
not.matiasz
10:56 Loom
12:44 Feudal Age
16:28 Double-Bit Axe
23:31 Castle Age
play for fun
5:12 Loom
14:17 Feudal Age
14:45 Town Watch
18:21 Castle Age
17:59 Double-Bit Axe
18:31 Horse Collar
19:22 Fletching
23:47 Wheelbarrow
alex950
5:02 Loom
16:12 Feudal Age
D4C
4:41 Loom
13:01 Feudal Age
13:53 Double-Bit Axe
15:07 Fletching
19:48 Castle Age
18:17 Gold Mining
20:10 Fishing Lines
20:28 Bodkin Arrow
20:47 Bow Saw
21:30 Wheelbarrow
21:28 Town Watch
21:54 Horse Collar
24:40 Gillnets
26:49 Heavy Plow
28:09 Red Cliffs Tactics
30:15 Gold Shaft Mining
30:13 Hand Cart
从不压堡之人
15:05 Feudal Age
15:51 Double-Bit Axe
15:46 Fishing Lines
18:34 Castle Age
17:57 Fletching
19:09 Loom
19:47 Bow Saw
19:28 Gillnets
20:58 Bodkin Arrow
22:41 Town Watch
25:01 Stone Mining
25:03 Gold Mining
26:16 Wheelbarrow
26:01 Horse Collar
26:34 Caravan
27:36 Clinker Construction
30:36 Hand Cart
33:37 Imperial Age
我不是蓝精灵
5:19 Loom
13:13 Feudal Age
17:01 Castle Age
15:04 Double-Bit Axe
15:15 Gold Mining
16:01 Fletching
17:12 Wheelbarrow
18:06 Bow Saw
18:20 Medium Warships
18:13 Bodkin Arrow
20:27 Fishing Lines
21:06 Gillnets
21:39 Town Watch
22:58 Hand Cart
23:20 Horse Collar
24:48 Heavy Plow
27:50 Stone Mining
31:05 Imperial Age
30:11 Husbandry
30:37 Ballistics
BLUE POISON
4:38 Loom
13:03 Feudal Age
17:07 Castle Age
15:50 Double-Bit Axe
15:53 Horse Collar
17:07 Scale Mail Armor
17:18 Man-at-Arms
18:13 Long Swordsman
22:50 Horse Collar
26:24 Gold Mining
27:05 Chain Mail Armor
27:45 Forging
29:51 Iron Casting
Connection lost

Rejoining the realm…

Still unreachable

The connection could not be restored.

Session expired

The server has moved on; the page needs a fresh start.